 Dungeon Crawl Stone Soup version 0.22.0 (webtiles) character file.

100 Matudinoluver the Skirmisher (level 4, -2/45 HPs)
             Began as a Troll Fighter on Sept 5, 2018.
             Was a Follower of Makhleb.
             Slain by an orc
             ... wielding a +3 war axe
              (9 damage)
             ... on level 3 of the Dungeon on Sept 6, 2018.
             The game lasted 00:20:13 (1819 turns).

Matudinoluver the Skirmisher (Troll Fighter)        Turns: 1819, Time: 00:20:13

Health: -2/45      AC:  5    Str: 25    XL:     4   Next: 47%
Magic:  3/3        EV:  8    Int:  4    God:    Makhleb [*.....]
Gold:   167        SH:  9    Dex:  9    Spells: 3/3 levels left

rFire    . . .     SeeInvis .   a - +1 flail
rCold    + . .     Gourm    +   c - +0 shield
rNeg     . . .     Faith    .   b - +0 robe
rPois    .         Spirit   .   (helmet restricted)
rElec    .         Reflect  .   (no cloak)
rCorr    .         Harm     .   (gloves unavailable)
MR       .....                  (boots unavailable)
Stlth    +.........             (no amulet)
HPRegen  0.55/turn              l - ring of protection from cold
MPRegen  0.08/turn              (no ring)

@: no status effects
A: large, unfitting armour, claws 3, fast metabolism 3, gourmand, regeneration
1, shaggy fur 1, tough skin 2
a: Renounce Religion


You were on level 3 of the Dungeon.
You worshipped Makhleb.
Makhleb was aware of your devotion.
You were not hungry.

You visited 1 branch of the dungeon, and saw 3 of its levels.

You collected 167 gold pieces.

Inventory:

Hand Weapons
 a - a +1 flail (weapon)
 g - a +0 hunting sling
Missiles
 d - 22 sling bullets
 h - 45 stones (quivered)
Armour
 b - a +0 robe (worn)
 c - a +0 shield (worn)
Jewellery
 l - a ring of protection from cold (left claw)
Scrolls
 e - a scroll of teleportation
Comestibles
 f - 3 rations
 k - 5 chunks of flesh


   Skills:
 + Level 3.0 Fighting
 + Level 2.7 Maces & Flails
 + Level 2.9 Dodging
 + Level 0.1 Stealth
 + Level 2.9 Shields


You had 3 spell levels left.
You didn't know any spells.
Your spell library was empty.

Dungeon Overview and Level Annotations

Branches:
Dungeon (3/15)

Altars:
Makhleb


Innate Abilities, Weirdness & Mutations

You are too large for most types of armour.
You have claws for hands.
Your metabolism is lightning-fast.
You like to eat raw meat.
Your natural rate of healing is unusually fast.
You are covered in fur. (AC +1)
You have very tough skin. (AC +2)


Message History

You block the orc's attack. You block the orc's attack.
The orc hits you with a trident.
* * * LOW HITPOINT WARNING * * *
Found a stone staircase leading down.
You closely miss the orc.
The orc is moderately wounded.
The orc hits you but does no damage. x2; You block the orc's attack.
You barely miss the orc.
The orc is moderately wounded.
The orc hits you with a trident.
* * * LOW HITPOINT WARNING * * *
The orc hits you with an enchanted war axe.
* * * LOW HITPOINT WARNING * * *
The orc hits you with a trident.
* * * LOW HITPOINT WARNING * * *
You block the orc's attack. The orc barely misses you.
The orc hits you with an enchanted war axe!
You die...

. # #.# . ##.## .
#.. ... ##...# #
#... . .. #....#
####.. .#.##....# ..
... .......!# .
#.#####..#...# .
........#.@.## ###
##.##....o..$#
..#####.......o..###
........>..).....#
#######...)).....#
######...........#
....#..#######..##
......## #...#
#...### ###..#


You could see 2 orcs.

Vanquished Creatures
  3 adders (D:2)
  3 worms
  A dart slug (D:2)
  2 leopard geckos
  5 orcs (D:3)
  2 ball pythons
  A giant cockroach (D:1)
  A goblin (D:2)
  3 hobgoblins (D:2)
  11 jackals
  7 kobolds
  7 bats
  5 frilled lizards
  6 rats
57 creatures vanquished.

Notes
Turn   | Place    | Note
-------+----------+-------------------------------------------
     0 | D:1      | Matudinoluver the Troll Fighter began the quest for the Orb.
     0 | D:1      | Reached XP level 1. HP: 22/22 MP: 0/0
   100 | D:1      | Reached XP level 2. HP: 28/29 MP: 1/1
   859 | D:2      | Reached XP level 3. HP: 6/36 MP: 2/2
  1103 | D:2      | Reached skill level 3 in Fighting
  1145 | D:2      | Found a burning altar of Makhleb.
  1168 | D:2      | Became a worshipper of Makhleb the Destroyer
  1259 | D:2      | Reached XP level 4. HP: 42/45 MP: 3/3
  1789 | D:3      | Reached * piety under Makhleb
  1819 | D:3      | Slain by an orc

Skill      XL: |  1  2  3 |
---------------+----------+-----
Maces & Flails | 2 |  2.7
Fighting       | 3 |  3.0
Dodging        | |  2.9
Stealth        | |  0.1
Shields        | |  2.9

Action                   |  1- 3 |  4- 6 || total
-------------------------+-------+-------++-------
Melee: Flail             |   142 |    66 ||   208
 Fire: Hunting sling     |       |     2 ||     2
  Use: Scroll            |     5 |     1 ||     6
       Potion            |     4 |     1 ||     5
  Eat: Chunk             |    15 |     3 ||    18
Armor: Robe              |   100 |    53 ||   153
Dodge: Dodged            |    76 |    40 ||   116
Block: Shield            |    94 |    72 ||   166
